AoeStats
← life is nice ツ

Hideout

509456966Analyzed
1v1 RM · 7d ago on Sep 26, 2026· 40m 55s· 2 players
Game mode
Random Map
Map size
Tiny (2 player)
Population
200
Speed
Normal
Resources
Standard
Victory
Conquest
Starting age
Dark Age
Ending age
Imperial Age
RankedLock teamsTeams togetherTeam positionsShared explorationLock speedFull tech treeHidden civsTurbo modeCheats
Victory
Defeat
🇧🇷 Cumans · Brazil
936
+15
🇩🇪 Tupi · Germany
909
-42
life is nice ツ
10:11 Feudal Age
10:02 Loom
10:47 Double-Bit Axe
11:00 Stone Mining
12:05 Wheelbarrow
11:17 Loom
14:08 Horse Collar
15:49 Gold Mining
21:49 Castle Age
27:38 Bow Saw
29:07 Heavy Plow
31:06 Gold Shaft Mining
31:59 Hand Cart
32:14 Caciques
37:24 Imperial Age
DKT | BRESSAN
10:20 Feudal Age
12:33 Wheelbarrow
11:43 Horse Collar
15:44 Double-Bit Axe
16:48 Loom
20:29 Town Watch
24:34 Castle Age
23:40 Forging
23:36 Scale Barding Armor
24:54 Stone Mining
24:58 Gold Mining
25:49 Hand Cart
25:54 Town Patrol
25:59 Heavy Plow
26:17 Bow Saw
28:55 Imperial Age
29:29 Imperial Age
27:26 Hand Cart
27:38 Bloodlines
28:08 Iron Casting
27:54 Chain Barding Armor
28:21 Gold Shaft Mining
27:53 Light Cavalry
31:29 Blast Furnace
31:26 Hussar
34:41 Plate Barding Armor
36:38 Cavalier
40:46 Conscription
Connection lost

Rejoining the realm…

Still unreachable

The connection could not be restored.

Session expired

The server has moved on; the page needs a fresh start.